 Dungeon Crawl Stone Soup version 0.28-a0-793-g31680bbd8b (webtiles) character file.

Game seed: 14270631074974681684

737 kae the Caller (level 7, -16/36 HPs)
             Began as a Vine Stalker Summoner on Nov 3, 2021.
             Killed by an exploding themself (48 damage)
             ... ignited by their inner flame
             ... on level 5 of the Dungeon.
             The game lasted 00:09:38 (6320 turns).

kae the Caller (Vine Stalker Summoner)              Turns: 6320, Time: 00:09:39

Health: -16/36     AC:  4    Str: 11    XL:     7   Next: 74%
Magic:  0/14       EV: 20    Int: 17    God:
Gold:   942        SH:  0    Dex: 14    Spells: 6/15 levels left

rFire   . . .      SeeInvis .   c - +0 dagger (drain)
rCold   . . .      Faith    .   (no shield)
rNeg    . . .      Spirit   +   a - +0 robe
rPois   .          Reflect  .   d - +0 helmet
rElec   .          Harm     .   i - +0 cloak
rCorr   .          Rampage  .   (no gloves)
Will    .....                   (no boots)
Stlth   ++........              (no amulet)
HPRegen 1.12/turn               e - +4 ring of evasion
MPRegen 0.14/turn               l - +4 ring of evasion

@: no status effects
A: fangs 2, regeneration 1, magic shield, antimagic bite, no potion heal 2
a: no special abilities


You were on level 5 of the Dungeon.
You visited 1 branch of the dungeon, and saw 5 of its levels.

You collected 942 gold pieces.

Inventory:

Hand Weapons
 c - a +0 dagger of draining (weapon)
Armour
 a - a +0 robe (worn)
 d - a +0 helmet (worn)
 i - a +0 cloak (worn)
Jewellery
 e - a +4 ring of evasion (left hand)
 l - a +4 ring of evasion (right hand)
Wands
 m - a wand of digging (3)
Scrolls
 f - a scroll of fear
 g - a scroll of enchant weapon {unknown}
 h - a scroll of enchant armour {unknown}
 n - a scroll of summoning
Potions
 b - a potion of haste
 j - a potion of attraction {unknown}
 k - a potion of might {unknown}


   Skills:
 + Level 3.5 Fighting
 - Level 1.5 Dodging
 - Level 2.4 Stealth
 + Level 4.6 Spellcasting
 * Level 7.1 Summonings


You had 6 spell levels left.
You knew the following spells:

 Your Spells              Type           Power      Damage    Failure   Level
a - Summon Small Mammal   Summ           100%       N/A       1%          1
b - Call Imp              Summ           28%        N/A       1%          2
c - Call Canine Familiar  Summ           28%        N/A       2%          3
d - Summon Guardian Gole  Hex/Summ       16%        N/A       11%         3

Your spell library contained the following spells:

 Spells                   Type           Power      Damage    Failure   Level
 Apportation              Tloc           6%         N/A       16%         1
 Slow                     Hex            12%        N/A       16%         1
 Sublimation of Blood     Necr           3%         N/A       22%         2
 Wereblood                Tmut           3%         N/A       22%         2
 Animate Armour           Summ/Erth      32%        N/A       34%         4
 Summon Lightning Spire   Summ/Air       16%        N/A       34%         4
 Confusing Touch          Hex            3%         N/A       41%         3
 Conjure Flame            Conj/Fire      3%         6-21      41%         3
 Ignite Poison            Fire/Tmut/Pois 3%         N/A       41%         3
 Stone Arrow              Conj/Erth      6%         3d7       41%         3
 Vampiric Draining        Necr           3%         2d6       41%         3
 Airstrike                Air            1%         N/A       83%         4
 Sticky Flame             Conj/Fire      3%         2d3       83%         4
 Alistair's Intoxication  Tmut/Pois      2%         N/A       99%         5
 Lightning Bolt           Conj/Air       1%         1d12      99%         5
 Invisibility             Hex            1%         N/A       100%        6
 Summon Hydra             Summ           14%        N/A       100%        7
 Lehudib's Crystal Spear  Conj/Erth      1%         10d2      100%        8


Dungeon Overview and Level Annotations

Branches:
Dungeon (5/15)             Temple (0/1) D:4

Altars:
Gozag
Makhleb
Uskayaw
Vehumet
Wu Jian
Yredelemnul

Annotations:
D:4 Blork the orc
D:5 Pikel


Innate Abilities, Weirdness & Mutations

You have extremely sharp teeth.
Your natural rate of healing is unusually fast.
When hurt, damage is shared between your health and your magic reserves.
Your bite disrupts and absorbs the magic of your enemies.
Potions cannot restore your health.


Message History

The lemure barely misses your guardian golem.
Pikel barely misses you.
Your crimson imp hits the lemure.
You hit Pikel. You drain Pikel.
Pikel is lightly wounded.
Your quokka barely misses the lemure.
Your hound barely misses the lemure.
The lemure barely misses you. The lemure hits your guardian golem.
Pikel closely misses you. The lemure hits your guardian golem.
Your guardian golem overheats!
Your crimson imp barely misses the lemure.
You hit Pikel but do no damage. You drain Pikel. Your bite misses Pikel.
Pikel is moderately wounded.
Your hound bites Pikel but does no damage.
Your quokka bites the lemure.
The lemure completely misses you.
Your hound bites the lemure.
The lemure barely misses your guardian golem.
The lemure hits your guardian golem. Flame seeps out of your guardian golem.
Your quokka bites the lemure.
Pikel misses you.
Your crimson imp closely misses the lemure.
Your guardian golem is engulfed in blazing flames.
Flame seeps out of your guardian golem.
You hit Pikel. You drain Pikel. You bite Pikel, but do no damage.
Pikel is heavily wounded.
Your hound bites Pikel but does no damage.
The lemure misses you.
Your quokka misses the lemure. The lemure hits your quokka!
Flame seeps out of your guardian golem. Pikel misses you.
Your crimson imp blinks!
Your guardian golem is engulfed in blazing flames.
Flame seeps out of your guardian golem.
You hit Pikel but do no damage.
Pikel is heavily wounded.
Your hound bites Pikel.
Your quokka barely misses the lemure.
The lemure misses you.
Your hound bites the lemure.
The lemure misses your quokka.
Pikel zaps a wand.
You easily resist.
Your guardian golem is engulfed in blazing flames.
Your guardian golem disappears in a puff of smoke!
Your guardian golem explodes!
The fiery explosion engulfs you!!!
Ouch! That really hurt!
You die...

#.#..............#....#
#..........#####....#
#..........# #....####
##..........# #.......#
#....[......# #:.......
#..........# #........
#..........#####.......$
#######.###.hK5.........
#######.###.@55.........
..........#.r°5.........
..........#.§r§.........
..........#.............
..........#.......#.###.
..........#.5.....#.#
..........######### #
..........# ..........#


You could see Pikel (drained), 4 lemures, a friendly hound (summoned,
sheltered), a friendly crimson imp (summoned, sheltered) and 2 friendly quokkas.

Vanquished Creatures
  A sky beast (D:5)
  A centaur skeleton (D:5)
  An orc priest (D:3)
  Jessica (D:2)
  2 orc wizards
  An iguana (D:5)
  2 adders
  A dart slug (D:3)
  3 orcs
  3 ball pythons
  3 bats
  3 endoplasms (D:2)
  A giant cockroach (D:1)
  3 goblins
  10 hobgoblins
  4 jackals
  A quokka (D:1)
  10 frilled lizards
  7 kobolds
  5 rats
63 creatures vanquished.

Vanquished Creatures (collateral kills)
  An ice beast (D:5)
  A hound (D:4)
  3 iron imps (D:3)
  Natasha (twice) (D:3)
  A hound skeleton (D:5)
  A howler monkey zombie (D:5)
  7 gnolls
  2 adders
  A dart slug (D:2)
  2 orcs (D:3)
  4 endoplasms
  A giant cockroach (D:1)
  3 goblins
  2 hobgoblins
  A jackal (D:1)
  A quokka (D:3)
  2 ball pythons (D:3)
  2 bats
  3 kobolds
  A rat (D:1)
41 creatures vanquished.

Vanquished Creatures (others)
  3 plants (D:2)
3 creatures vanquished.

Grand Total: 107 creatures vanquished

Notes
Turn   | Place    | Note
-------+----------+-------------------------------------------
     0 | D:1      | kae the Vine Stalker Summoner began the quest for the Orb.
     0 | D:1      | Reached XP level 1. HP: 9/9 MP: 4/4
   211 | D:1      | Found a faded altar of an unknown god.
   303 | D:1      | Reached XP level 2. HP: 7/14 MP: 3/6
  1031 | D:1      | Reached XP level 3. HP: 17/17 MP: 4/7
  1084 | D:1      | Reached skill level 1 in Fighting
  2415 | D:1      | Learned a level 2 spell: Call Imp
  2419 | D:1      | Learned a level 3 spell: Call Canine Familiar
  2572 | D:2      | Gained mutation: Your natural rate of healing is unusually
                  | fast. [Vine Stalker growth]
  2572 | D:2      | Reached XP level 4. HP: 17/22 MP: 2/9
  2717 | D:2      | Reached skill level 5 in Summonings
  2781 | D:2      | Noticed Jessica
  2793 | D:2      | Killed Jessica
  3179 | D:3      | Reached XP level 5. HP: 26/26 MP: 10/10
  3327 | D:3      | Noticed Natasha
  4144 | D:3      | Identified a scroll of acquirement
  4144 | D:3      | Acquired 779 gold pieces
  4569 | D:3      | HP: 1/26 [orc (4)]
  4843 | D:3      | Killed Natasha
  4844 | D:3      | Reached XP level 6. HP: 31/31 MP: 7/12
  5147 | D:3      | Noticed Natasha
  5190 | D:3      | Reached skill level 6 in Summonings
  5298 | D:3      | Killed Natasha
  5304 | D:3      | Found a burning altar of Makhleb.
  5443 | D:4      | Found an ornate altar of the Wu Jian Council.
  5468 | D:4      | Found a staircase to the Ecumenical Temple.
  5682 | D:4      | Found a basalt altar of Yredelemnul.
  5693 | D:4      | Reached XP level 7. HP: 36/36 MP: 14/14
  5697 | D:4      | Learned a level 3 spell: Summon Guardian Golem
  5790 | D:4      | Noticed Blork the orc
  5829 | D:4      | Found a radiant altar of Vehumet.
  6005 | D:5      | Entered Level 5 of the Dungeon
  6025 | D:5      | Found an opulent altar of Gozag.
  6171 | D:5      | Found a hide-covered altar of Uskayaw.
  6193 | D:5      | Reached skill level 7 in Summonings
  6301 | D:5      | Noticed Pikel
  6320 | D:5      | Killed by an exploding themself... ignited by their inner
                  | flame

Illustrated notes

Levels and vault maps discovered:
D:1:      lightli_arrival_statuegarden, layout_basic,
          ebering_ecumenical_altar_sacrificial
D:2:      layout_basic, minmay_lizard_king, uniq_jessica
D:3:      layout_rooms, demons_altar, chequers_serial_rivers_small_3,
          uniq_natasha
D:4:      layout_rooms, mainiacjoe_overflow_six_doors_small,
          mainiacjoe_overflow_alcove_1, pdpol_wu_jian_five_deadly_venoms,
          minmay_temple_entry_large_hall, lemuel_another_geyser,
          uniq_blork_the_orc
D:5:      layout_basic, grunt_gozag_breadcrumbs, eat_drink_and_be_merry_uskayaw,
          uniq_ijyb, uniq_pikel, uniq_edmund

Skill      XL: |  1  2  3  4  5  6  7 |
---------------+----------------------+-----
Fighting       | 1 2 3 |  3.5
Spellcasting   | 3 4 |  4.6
Summonings     | 5 6 7 |  7.1
Dodging        | |  1.5
Stealth        | |  2.4

Action                   |  1- 3 |  4- 6 |  7- 9 || total
-------------------------+-------+-------+-------++-------
Melee: Dagger            |   112 |   118 |    64 ||   294
       Unarmed           |     6 |       |       ||     6
       Bite              |    20 |    28 |    16 ||    64
 Cast: Summon Small Mamm |    39 |    20 |     2 ||    61
       Call Imp          |     2 |    37 |     2 ||    41
       Call Canine Famil |       |     9 |     5 ||    14
       Summon Guardian G |       |       |     3 ||     3
  Use: Potion            |     2 |     4 |       ||     6
       Scroll            |     2 |     4 |     2 ||     8
 Stab: Distracted        |     1 |     1 |       ||     2
       Sleeping          |     3 |     2 |       ||     5
Armor: Robe              |    27 |    17 |    20 ||    64
Dodge: Dodged            |    91 |   122 |    75 ||   288

Table legend: (Time is in decaauts)
 A = Elapsed time spent in this place.
 B = Non-inter-level travel time spent in this place.
 C = Inter-level travel time spent in this place.
 D = Time resting spent in this place.
 E = Time spent auto-exploring this place.
 F = Levels seen in this place.
 G = Mean time per level.
                   A        B        C        D        E       F      G
               +--------+--------+--------+--------+--------+-----+--------+
         Total |   6324 |   5994 |    330 |    887 |   3364 |   5 | 1264.8 |
       Dungeon |   6324 |   5994 |    330 |    887 |   3364 |   5 | 1264.8 |
               +--------+--------+--------+--------+--------+-----+--------+

Top non-repeatable levels by time:
     D:1: 1968 daAuts
     D:2: 1916 daAuts
     D:3: 1518 daAuts
     D:4: 634 daAuts
     D:5: 286 daAuts
